 Dungeon Crawl Stone Soup version 0.23.2-40-g277498a001 (webtiles) character file.

Game seed: 13706136016717431624

1279 grus the Ruffian (level 8, -17/81 HPs)
             Began as a Troll Berserker on Oct 7, 2019.
             Was a Believer of Trog.
             Demolished by Pikel
             ... wielding a +0 whip of electrocution
              (20 damage)
             ... on level 5 of the Dungeon.
             The game lasted 00:19:26 (3504 turns).

grus the Ruffian (Troll Berserker)                  Turns: 3504, Time: 00:19:27

Health: -17/81     AC: 10    Str: 26    XL:     8   Next: 29%
Magic:  7/7        EV: 12    Int:  3    God:    Trog [**....]
Gold:   225        SH:  0    Dex: 11    Spells: 7/7 levels left

rFire    . . .     SeeInvis .     - Unarmed
rCold    + . .     Gourm    +   (no shield)
rNeg     . . .     Faith    .   a - +1 animal skin
rPois    +         Spirit   .   (helmet restricted)
rElec    .         Reflect  .   h - +2 cloak
rCorr    .         Harm     .   (gloves unavailable)
MR       ++...                  (boots unavailable)
Stlth    +.........             (no amulet)
HPRegen  1.63/turn              r - ring of protection from cold
MPRegen  0.10/turn              s - ring of poison resistance

@: regenerating
A: large, unfitting armour, claws 3, fast metabolism 3, gourmand, regeneration
1, shaggy fur 1, tough skin 3
a: Berserk, Trog's Hand, Renounce Religion


You were on level 5 of the Dungeon.
You worshipped Trog.
Trog was pleased with you.
You were full.

You visited 2 branches of the dungeon, and saw 7 of its levels.

You collected 225 gold pieces.

Inventory:

Armour
 a - a +1 animal skin (worn)
 h - a +2 cloak (worn)
Jewellery
 r - a ring of protection from cold (left claw)
 s - a ring of poison resistance (right claw)
Wands
 n - a wand of disintegration (7)
 t - a wand of random effects (15)
Scrolls
 c - 2 scrolls of identify
 e - a scroll of teleportation
 j - a scroll of holy word {unknown}
 k - a scroll of random uselessness {unknown}
 v - 2 scrolls of remove curse {unknown}
Potions
 i - 2 potions of resistance
 l - a potion of brilliance {unknown}
 m - a potion of might {unknown}
 o - 3 potions of haste
 p - a potion of curing {unknown}
 q - a potion of cancellation {unknown}
 u - a potion of lignification {unknown}
 w - a potion of degeneration {unknown}
Comestibles
 b - 9 rations


   Skills:
 + Level 5.4 Fighting
 + Level 5.4 Dodging
 + Level 6.5 Unarmed Combat


You had 7 spell levels left.
You didn't know any spells.
Your spell library was empty.

Dungeon Overview and Level Annotations

Branches:
Dungeon (6/15)             Temple (1/1) D:4

Altars:
Ashenzari
Cheibriados
Dithmenos
Fedhas
Gozag
Kikubaaqudgha
Makhleb
Nemelex Xobeh
Okawaru
Qazlal
Ru
Sif Muna
Trog
Uskayaw
Vehumet
Wu Jian
Xom
Yredelemnul
The Shining One

Shops:
D:5 *

Annotations:
D:5 Pikel


Innate Abilities, Weirdness & Mutations

You are too large for most types of armour.
You have claws for hands.
Your metabolism is lightning-fast.
You like to eat raw meat.
Your natural rate of healing is unusually fast.
You are covered in fur. (AC +1)
You have extremely tough skin. (AC +3)


Message History

You scratch Pikel.
Pikel is moderately wounded.
Pikel hits you with a +0 whip of electrocution.
* * * LOW HITPOINT WARNING * * *
You are electrocuted!
* * * LOW HITPOINT WARNING * * *
You mangle Pikel!!
Pikel is severely wounded.
You recover from your berserk rage.
You barely miss Pikel.
Pikel is severely wounded.
Pikel says, "You'll feel the lick of my whip!"
Pikel hits you with a +0 whip of electrocution.
* * * LOW HITPOINT WARNING * * *
You scratch Pikel.
Pikel is severely wounded.
Pikel hits you with a +0 whip of electrocution!
* * * LOW HITPOINT WARNING * * *
You are electrocuted!!
You die...

.........#'#....#.........###....
..............###.........#.#..##
......∩.......# #.........##'....
..............###........#...####
........##...........###...+.#..(
........'............# ####..#...
........##..(..pp....# #.....#...
........%#.[..##K#+### #.#...##'#
.........###..##@#.# ##..##'....
..#..##.#.# ##...#(#.... ####+#
#.#..##.#.# #....###.... ....#
#.#..##.#.# #...#...#...
#..###.#..##.#.# #...........
#....#.#..##.#.# #......###..
#.##.#.#..##.#.# #......###..
#####.........##.#.###......#.'..
.......#.###..##.....'......#.#..


You could see Pikel and 2 slaves.

Vanquished Creatures
  Menkaure (D:5)
  A slave (D:5)
  An ice beast (D:5)
  A sky beast (D:5)
  An ogre (D:5)
  A centaur (D:5)
  A bullfrog (D:2)
  A water moccasin skeleton (D:5)
  2 scorpions
  A crimson imp (D:5)
  3 orc priests
  Crazy Yiuf (D:4)
  An iguana (D:5)
  Ijyb (D:3)
  Natasha (D:2)
  5 worker ants (D:4)
  2 orc wizards
  Terence (D:3)
  A gnoll (D:5)
  7 adders
  A worm (D:5)
  A dart slug (D:1)
  2 leopard geckos (D:3)
  18 orcs
  8 giant cockroaches
  11 hobgoblins
  4 jackals (D:4)
  A quokka (D:5)
  2 ball pythons (D:3)
  9 bats
  4 frilled lizards
  6 goblins
  6 kobolds
  5 rats
  A plant (D:1)
113 creatures vanquished.

Notes
Turn   | Place    | Note
-------+----------+-------------------------------------------
     0 | D:1      | grus the Troll Berserker began the quest for the Orb.
     0 | D:1      | Reached XP level 1. HP: 22/22 MP: 0/0
    23 | D:1      | You fall through a shaft!
   179 | D:1      | Reached XP level 2. HP: 27/29 MP: 1/1
   624 | D:1      | Reached XP level 3. HP: 36/36 MP: 2/2
  1018 | D:3      | Noticed Terence
  1030 | D:3      | Killed Terence
  1030 | D:3      | Reached XP level 4. HP: 45/45 MP: 3/3
  1084 | D:2      | Noticed a bullfrog
  1091 | D:2      | Killed a bullfrog
  1091 | D:2      | Reached skill level 4 in Unarmed Combat
  1091 | D:2      | Reached XP level 5. HP: 35/53 MP: 4/4
  1095 | D:2      | Reached ** piety under Trog
  1193 | D:2      | Found an opulent altar of Gozag.
  1193 | D:2      | Found a shattered altar of Ashenzari.
  1339 | D:3      | Found a radiant altar of Vehumet.
  1339 | D:3      | Noticed Natasha
  1349 | D:2      | Killed Natasha
  1517 | D:3      | Noticed Ijyb
  1602 | D:3      | Killed Ijyb
  1638 | D:3      | Reached XP level 6. HP: 61/62 MP: 5/5
  1929 | D:3      | Found an ornate altar of the Wu Jian Council.
  2032 | D:4      | Reached skill level 5 in Unarmed Combat
  2067 | D:5      | Entered Level 5 of the Dungeon
  2133 | D:4      | Reached XP level 7. HP: 56/70 MP: 6/6
  2188 | D:4      | Found an opulent altar of Gozag.
  2238 | D:4      | Found a staircase to the Ecumenical Temple.
  2323 | D:4      | Found a runed translucent door.
  2324 | D:4      | Noticed Crazy Yiuf
  2331 | D:4      | Killed Crazy Yiuf
  2443 | D:4      | Found a deep blue altar of Sif Muna.
  2444 | D:4      | Found a shadowy altar of Dithmenos.
  2583 | Temple   | Entered the Ecumenical Temple
  2884 | D:5      | Found a shimmering altar of Xom.
  3108 | D:5      | Reached skill level 6 in Unarmed Combat
  3247 | D:5      | Reached skill level 5 in Fighting
  3247 | D:5      | Reached skill level 5 in Dodging
  3260 | D:5      | Reached XP level 8. HP: 80/80 MP: 7/7
  3439 | D:5      | Noticed Menkaure
  3444 | D:5      | Found Qexodeck's Assorted Antiques.
  3449 | D:5      | Killed Menkaure
  3451 | D:5      | Noticed Pikel
  3504 | D:5      | HP: 3/81 [Pikel/+0 whip of electrocution (7)]
  3504 | D:5      | Demolished by Pikel

Skill      XL: |  1  2  3  4  5  6  7 |
---------------+----------------------+-----
Fighting       | 3 4 5 |  5.4
Dodging        | 3 4 5 |  5.4
Unarmed Combat | 4 5 6 |  6.5

Action                   |  1- 3 |  4- 6 |  7- 9 || total
-------------------------+-------+-------+-------++-------
Melee: Unarmed           |    96 |   135 |    94 ||   325
       Punch             |     2 |     3 |     2 ||     7
Invok: Berserk           |     2 |     4 |     4 ||    10
       Trog's Hand       |       |     2 |     3 ||     5
  Use: Scroll            |       |       |     7 ||     7
       Potion            |       |       |     2 ||     2
 Stab: Sleeping          |       |       |     1 ||     1
  Eat: Chunk             |    16 |    16 |    16 ||    48
Armor: Animal skin       |    31 |    64 |    24 ||   119
Dodge: Dodged            |    49 |   102 |    53 ||   204
